 Dungeon Crawl Stone Soup version 0.11.3 (console) character file.

284 Lightli the Changer (level 5, 0/29 HPs)
             Began as a Deep Elf Stalker on July 3, 2022.
             Slain by an orc warrior
             ... wielding a cursed -3,-1 orcish flail
              (19 damage)
             ... on Level 4 of the Dungeon.
             The game lasted 00:06:26 (2801 turns).

Lightli the Changer (Deep Elf Stalker)              Turns: 2801, Time: 00:06:26

HP   0/29        AC  4     Str  7      XL: 5   Next: 54%
MP   5/11        EV 13     Int 18      God:
Gold 79          SH  0     Dex 16      Spells:  3 memorised,  0 levels left

Res.Fire  : . . .   See Invis. : .   a - +2 elf dagger {=f}
Res.Cold  : . . .   Warding    : .   b - +0 elf robe
Life Prot.: . . .   Conserve   : .   (no shield)
Res.Poison: .       Res.Corr.  : .   (no helmet)
Res.Elec. : .       Clarity    : .   c - +0 elf cloak
Sust.Abil.: + .     Spirit.Shd : .   (no gloves)
Res.Mut.  : .       Stasis     : .   h - +0 pair of boots
Res.Rott. : .       Ctrl.Telep.: .   (no amulet)
Saprovore : . . .   Levitation : .   (no ring) Ctrl.Flight: .
                                     u - ring of sustain abilities

@: slightly resistant to hostile enchantments, stealthy
A: no striking features
a: no special abilities


You were on level 4 of the Dungeon.
You were hungry.

You visited 1 branch of the dungeon, and saw 4 of its levels.

You collected 59 gold pieces.

Inventory:

Hand weapons
 a - a +2,+2 elven dagger (weapon) {=f}
Armour
 b - a +0 elven robe (worn)
 c - a +0 elven cloak (worn)
 h - a +0 pair of boots (worn)
Magical devices
 s - a wand of random effects (13)
 w - a wand of enslavement (14) {unknown}
Comestibles
 f - 3 bread rations
 j - a meat ration
 n - an orange
 p - a choko
 q - 2 apples
 v - a chunk of quokka flesh
Scrolls
 i - a scroll of curse jewellery {unknown}
 l - a scroll of enchant weapon I {unknown}
 o - a scroll of enchant armour {unknown}
 t - a scroll of remove curse {unknown}
Jewellery
 u - a ring of sustain abilities (left hand)
Potions
 e - 4 potions of confusion
 g - a potion of heal wounds {unknown}
 k - 2 potions of restore abilities {unknown}
 m - 2 potions of magic {unknown}
 r - a potion of blood {unknown}
Books
 d - a book of Stalking

   Spells                             Type                      Level
   *Fulsome Distillation              Transmutation/Necromancy     1
   *Evaporate                         Fire/Transmutation           2
   Passwall                           Transmutation/Earth          3
   *Petrify                           Transmutation/Earth          4
   Dig                                Transmutation/Earth          4


   Skills:
 - Level 0.7 Fighting
 - Level 1.0 Short Blades
 - Level 2.4 Dodging
 - Level 2.4 Stealth
 - Level 2.1 Stabbing
 - Level 1.5 Spellcasting
 - Level 5.7 Transmutations
 + Level 2.4 Earth Magic


You couldn't memorise any spells.
You knew the following spells:

 Your Spells              Type           Power        Failure   Level  Hunger
a - Fulsome Distillation  Trmt/Necr      N/A          8%          1    ##.....
b - Evaporate             Fire/Trmt      ###....      12%         2    ###....
c - Petrify               Trmt/Erth      ####.....    34%         4    #####..


Dungeon Overview and Level Annotations

Branches:
Dungeon (4/27)
 Temple: D:4-7

Altars:

Annotations
D:3 Lightli's ghost, weakling DESt


Message History

You strike the helpless orc from behind!
You slash the orc!
You kill the orc!
You are feeling hungry.
A dart shoots out and hits you!
There is a dart trap here.
You see here a dart.
The orc shouts, "What's happening?!"
The orc hits you with an orcish dagger.
You hit the orc.
You kill the orc!
You completely miss the orc warrior.
The orc warrior is lightly wounded.
The orc warrior misses you.
You strike the helpless orc warrior from behind!
You slash the orc warrior!
The orc warrior is severely wounded.
The orc warrior hits you with an orcish flail!
Ouch! That really hurt!
You die...

. .... ##....
#..[.. #.##.#
#.##.# #
#.###.##.#.#
#....o?..#.# #
#@#.)#.######
#).##).^.........
#......(..#######
##o####..##
#.####..##
#........#
######...# #...#
#...# ..


You could see an orc warrior (confused).

Vanquished Creatures
  Sigmund (D:2)
  A big kobold skeleton (D:3)
  An orc priest (D:4)
  3 adders
  A giant mite (D:3)
  A giant gecko (D:4)
  5 orcs (D:4)
  5 bats
  6 goblins
  4 hobgoblins
  2 quokkas
  3 giant cockroaches
  5 giant newts
  6 kobolds
  3 rats
47 creatures vanquished.

Notes
Turn   | Place    | Note
--------------------------------------------------------------
     0 | D:1      | Lightli, the Deep Elf Stalker, began the quest for the Orb.
     0 | D:1      | Reached XP level 1. HP: 12/12 MP: 2/2
   568 | D:1      | Reached skill level 3 in Transmutations
   588 | D:1      | Reached XP level 2. HP: 14/16 MP: 2/4
   592 | D:1      | Learned a level 2 spell: Evaporate
  1059 | D:2      | Reached XP level 3. HP: 10/20 MP: 3/7
  1329 | D:2      | Reached skill level 4 in Transmutations
  1537 | D:2      | Noticed Sigmund
  1601 | D:2      | Killed Sigmund
  1601 | D:2      | Reached skill level 5 in Transmutations
  1601 | D:2      | Reached XP level 4. HP: 22/25 MP: 6/9
  2065 | D:3      | Noticed Lightli's ghost (weakling DESt)
  2131 | D:3      | Reached XP level 5. HP: 11/29 MP: 11/11
  2278 | D:3      | Learned a level 4 spell: Petrify
  2507 | D:3      | Reached skill level 1 in Earth Magic
  2783 | D:4      | Noticed an orc warrior
  2801 | D:4      | Slain by an orc warrior
